EL
BOWIE BAYSOX @ ALTOONA CURVE
06/03/2099
 
TOP OF THE 1ST
Bowie Baysox batting - Pitching for Altoona Curve : RHP Joe Roth
Pitching: RHP Joe Roth
Batting: RHB Mark Squier 0-0: Called Strike
0-1: Swinging Strike
0-2: Ball
1-2: Strikes out swinging
Batting: RHB Jason Farley 0-0: Ball
1-0: Foul Ball, location: 2F
1-1: Ball
2-1: Foul Ball, location: 2F
2-2: Fly out, F9 (Flyball, 9LM, EV 82.5 MPH)
Batting: LHB Alex Gil 0-0: Ground out 6-3 (Groundball, 6, EV 97.5 MPH)
Top of the 1st over - 0 runs, 0 hits, 0 errors, 0 left on base; Bowie 0 - Altoona 0
BOTTOM OF THE 1ST
Altoona Curve batting - Pitching for Bowie Baysox : RHP Steve Johns
Pitching: RHP Steve Johns
Batting: RHB Jeff Morgan 0-0: Ball
1-0: Ball
2-0: Ball
3-0: Foul Ball, location: 3FF
3-1: Base on Balls
Batting: SHB Ken Campbell 0-0: Called Strike
0-1: Called Strike
0-2: Foul Ball, location: 2F
0-2: Ball
1-2: Foul Ball, location: 5DF
1-2: 2-RUN HOME RUN (Flyball, 8LXD, EV 108.8 MPH), Distance : 419 ft
Batting: RHB Jason Wine 0-0: Called Strike
0-1: Swinging Strike
0-2: Ball
1-2: Ball
2-2: Foul Ball, location: 2F
2-2: Ground out 6-3 (Groundball, 6M, EV 99.4 MPH)
Batting: RHB Mark Severtson 0-0: Foul Ball, location: 7LDF
0-1: Ball
1-1: Ball
2-1: Ball
3-1: Base on Balls
Batting: SHB Greg O'Donnell 0-0: Ball
1-0: Foul Ball, location: 2F
1-1: Fly out, F5 (Line Drive, 56, EV 63.8 MPH)
Batting: RHB Jesse Pfenning 0-0: Called Strike
0-1: Ball
1-1: Fly out, F7 (Flyball, 7D, EV 93.1 MPH)
Bottom of the 1st over - 2 runs, 1 hit, 0 errors, 1 left on base; Bowie 0 - Altoona 2
TOP OF THE 2ND
Bowie Baysox batting - Pitching for Altoona Curve : RHP Joe Roth
Batting: RHB B.J. Frantz 0-0: SOLO HOME RUN (Flyball, 8LXD, EV 108.1 MPH), Distance : 418 ft
Batting: RHB Travis Pesola 0-0: Ball
1-0: Foul Ball, location: 25F
1-1: Called Strike
1-2: Ball
2-2: Ball
3-2: SINGLE (Line Drive, 89S, EV 107.5 MPH)
Batting: RHB Joe Hutton 0-0: Ball
1-0: Ball
2-0: Grounds into double play, 4-6-3 (Groundball, 4, EV 81.3 MPH)
Batting: LHB Scott Guzik 0-0: Ball
1-0: Ball
2-0: Ground out 4-3 (Groundball, 4S, EV 75.6 MPH)
Top of the 2nd over - 1 run, 2 hits, 0 errors, 0 left on base; Bowie 1 - Altoona 2
BOTTOM OF THE 2ND
Altoona Curve batting - Pitching for Bowie Baysox : RHP Steve Johns
Batting: LHB Jimmy O'Banion 0-0: Fly out, F9 (Flyball, 9S, EV 83.8 MPH)
Batting: LHB Orlando Vega 0-0: Called Strike
0-1: Swinging Strike
0-2: Strikes out swinging, 2-3 out at first.
Batting: SHB Todd Combs 0-0: Foul Ball, location: 3F
0-1: Ball
1-1: Ball
2-1: SINGLE (Groundball, 6MD, EV 105.6 MPH)
Batting: RHB Jeff Morgan 0-0: Ball
1-0: Ball
2-0: Called Strike
2-1: Ball
3-1: Called Strike
3-2: Strikes out looking
Bottom of the 2nd over - 0 runs, 1 hit, 0 errors, 1 left on base; Bowie 1 - Altoona 2
TOP OF THE 3RD
Bowie Baysox batting - Pitching for Altoona Curve : RHP Joe Roth
Batting: RHB Bob Cairns 0-0: SINGLE (Line Drive, 6MD, EV 97.5 MPH)
Batting: RHB Daniel Jividen 0-0: Bunt missed!
0-1: Bunted foul
0-2: Ball
1-2: Ball
2-2: Ball
3-2: Strikes out swinging
Batting: RHB Mark Squier 0-0: Called Strike
0-1: Ball
1-1: Foul Ball, location: 25F
1-2: Ball
2-2: Grounds into double play, 5-4-3 (Groundball, 56, EV 105.0 MPH)
Top of the 3rd over - 0 runs, 1 hit, 0 errors, 0 left on base; Bowie 1 - Altoona 2
BOTTOM OF THE 3RD
Altoona Curve batting - Pitching for Bowie Baysox : RHP Steve Johns
Batting: SHB Ken Campbell 0-0: Ball
1-0: Foul Ball, location: 7LDF
1-1: Ground out U3 (Groundball, 3L, EV 85.6 MPH)
Batting: RHB Jason Wine 0-0: Swinging Strike
0-1: Foul Ball, location: 2F
0-2: SOLO HOME RUN (Flyball, 7D, EV 98.8 MPH), Distance : 377 ft
Batting: RHB Mark Severtson 0-0: Called Strike
0-1: Ground out 6-3 (Groundball, 6S, EV 87.5 MPH)
Batting: SHB Greg O'Donnell 0-0: Called Strike
0-1: Ball
1-1: Called Strike
1-2: Fly out, F8 (Flyball, 8LD, EV 109.4 MPH)
Bottom of the 3rd over - 1 run, 1 hit, 0 errors, 0 left on base; Bowie 1 - Altoona 3
TOP OF THE 4TH
Bowie Baysox batting - Pitching for Altoona Curve : RHP Joe Roth
Batting: RHB Jason Farley 0-0: Ball
1-0: Ball
2-0: Ball
3-0: Called Strike
3-1: Foul Ball, location: 2F
3-2: Base on Balls
Batting: LHB Alex Gil 0-0: Ball
1-0: Called Strike
1-1: Called Strike
1-2: Foul Ball, location: 2F
1-2: Ball
2-2: Ball
3-2: Foul Ball, location: 23F
3-2: Foul Ball, location: 3F
3-2: SINGLE (Line Drive, 8LS, EV 99.4 MPH)
Jason Farley to second
Runner from 2nd tries for 3rd, SAFE, no throw by CF
Batting: RHB B.J. Frantz 0-0: Foul Ball, location: 3FF
0-1: Ball
1-1: Swinging Strike
1-2: Foul Ball, location: 3F
1-2: Ball
2-2: DOUBLE (Flyball, 89D, EV 102.5 MPH)
Jason Farley scores
Alex Gil to third
Batting: RHB Travis Pesola 0-0: Fly out, F8 (Flyball, 8LM, EV 91.3 MPH)
Runner from 3rd tags up, SCORES, throw by CF
B.J. Frantz to third
Batting: RHB Joe Hutton 0-0: Called Strike
0-1: Ground out 4-3 (Groundball, 4, EV 99.4 MPH)
Batting: LHB Scott Guzik 0-0: Foul Ball, location: 2F
0-1: Called Strike
0-2: Ball
1-2: Ground out 6-3 (Groundball, 56D, EV 101.9 MPH)
Top of the 4th over - 2 runs, 2 hits, 0 errors, 1 left on base; Bowie 3 - Altoona 3
BOTTOM OF THE 4TH
Altoona Curve batting - Pitching for Bowie Baysox : RHP Steve Johns
Batting: RHB Jesse Pfenning 0-0: Called Strike
0-1: Ball
1-1: Ball
2-1: Fly out, F3 (Popup, 3L, EV 57.5 MPH)
Batting: LHB Jimmy O'Banion 0-0: Ball
1-0: Foul Ball, location: 2F
1-1: Ground out U3 (Groundball, 3S, EV 62.5 MPH)
Batting: LHB Orlando Vega 0-0: Ball
1-0: Foul Ball, location: 2F
1-1: Foul Ball, location: 25F
1-2: Strikes out looking
Bottom of the 4th over - 0 runs, 0 hits, 0 errors, 0 left on base; Bowie 3 - Altoona 3
TOP OF THE 5TH
Bowie Baysox batting - Pitching for Altoona Curve : RHP Joe Roth
Batting: RHB Bob Cairns 0-0: Ball
1-0: Called Strike
1-1: Foul Ball, location: 2F
1-2: Foul Ball, location: 3FF
1-2: Strikes out swinging
Batting: RHB Daniel Jividen 0-0: Called Strike
0-1: Ball
1-1: Ball
2-1: Ball
3-1: Base on Balls
Pitching: LHP Kelvin Salinas
Batting: RHB Mark Squier 0-0: Called Strike
0-1: Called Strike
0-2: Strikes out swinging
Batting: RHB Jason Farley 0-0: Ball
1-0: Ball
2-0: Ball
3-0: Base on Balls
Daniel Jividen to second
Batting: LHB Alex Gil 0-0: Ball
1-0: Called Strike
1-1: Called Strike
1-2: Ball
2-2: DOUBLE (Groundball, 3D, EV 103.8 MPH)
Daniel Jividen scores
Jason Farley to third
Runner from 3rd tries for Home, SAFE, throw by RF to home
Batting: RHB B.J. Frantz 0-0: Ball
1-0: Foul Ball, location: 7LDF
1-1: Ball
2-1: Foul Ball, location: 2F
2-2: SINGLE (Groundball, 4D, EV 97.5 MPH)
Alex Gil to third
Runner from 3rd tries for Home, SAFE, throw by CF to home
Batting: RHB Travis Pesola 0-0: Called Strike
0-1: Ball
1-1: Foul Ball, location: 3DF
1-2: Fielders Choice at 2nd, 6-4 (Groundball, 6, EV 85.6 MPH)
Top of the 5th over - 3 runs, 2 hits, 0 errors, 1 left on base; Bowie 6 - Altoona 3
BOTTOM OF THE 5TH
Altoona Curve batting - Pitching for Bowie Baysox : RHP Steve Johns
Batting: SHB Todd Combs 0-0: SINGLE (Line Drive, 8RS, EV 107.5 MPH)
Batting: RHB Jeff Morgan 0-0: Ball
1-0: Ball
2-0: Ball
3-0: Base on Balls
Todd Combs to second
Batting: SHB Ken Campbell 0-0: Ball
1-0: 3-RUN HOME RUN (Flyball, 7D, EV 100.6 MPH), Distance : 378 ft
Pitching: RHP Jonathan Fullen
Batting: RHB Jason Wine 0-0: Fly out, F7 (Line Drive, 7S, EV 87.5 MPH)
Batting: RHB Mark Severtson 0-0: Called Strike
0-1: Called Strike
0-2: Ball
1-2: Ball
2-2: Foul Ball, location: 23F
2-2: Foul Ball, location: 9LSF
2-2: Foul Ball, location: 2F
2-2: Strikes out swinging
Batting: SHB Greg O'Donnell 0-0: Called Strike
0-1: Ball
1-1: Foul Ball, location: 25F
1-2: Ground out 5-3 (Groundball, 5, EV 106.3 MPH)
Bottom of the 5th over - 3 runs, 2 hits, 0 errors, 0 left on base; Bowie 6 - Altoona 6
TOP OF THE 6TH
Bowie Baysox batting - Pitching for Altoona Curve : LHP Kelvin Salinas
Batting: RHB Joe Hutton 0-0: Ball
1-0: SINGLE (Groundball, 34D, EV 102.5 MPH)
Batting: LHB Scott Guzik 0-0: Called Strike
0-1: Bunt missed!
0-2: Foul Ball, location: 2LF
0-2: Ball
1-2: Grounds into double play, 6-4-3 (Groundball, 56, EV 98.8 MPH)
Batting: RHB Bob Cairns 0-0: Ball
1-0: Ball
2-0: Ball
3-0: Swinging Strike
3-1: Base on Balls
Pitching: RHP Joe Regush
Batting: RHB Daniel Jividen 0-0: Ball
1-0: Ball
2-0: Ball
3-0: Called Strike
3-1: Base on Balls
Bob Cairns to second
Batting: RHB Mark Squier 0-0: Ball
1-0: Ball
2-0: Ball
3-0: Called Strike
3-1: SINGLE (Groundball, 6D, EV 107.5 MPH) (infield hit)
Bob Cairns to third
Daniel Jividen to second
Pinch Hitting: LHB Jabari Matlock 0-0: Ball
1-0: Ball
2-0: Called Strike
2-1: SINGLE (Line Drive, 9S, EV 92.5 MPH)
Bob Cairns scores
Daniel Jividen to third
Mark Squier to second
Runner from 3rd tries for Home, SAFE, throw by RF to home
Batting: LHB Alex Gil 0-0: Ground out 4-3 (Groundball, 4, EV 78.8 MPH)
Top of the 6th over - 2 runs, 3 hits, 0 errors, 2 left on base; Bowie 8 - Altoona 6
BOTTOM OF THE 6TH
Altoona Curve batting - Pitching for Bowie Baysox : RHP Jonathan Fullen
Now in RF: Jesus Garcia
Batting: RHB Jesse Pfenning 0-0: Ball
1-0: Ball
2-0: Foul Ball, location: 2F
2-1: Fly out, F7 (Flyball, 78XD, EV 95.0 MPH)
Batting: LHB Jimmy O'Banion 0-0: Ball
1-0: Swinging Strike
1-1: Foul Ball, location: 2F
1-2: Ground out 5-3 (Groundball, 5, EV 106.9 MPH)
Batting: LHB Orlando Vega 0-0: Called Strike
0-1: Ground out 4-3 (Groundball, 4, EV 86.9 MPH)
Bottom of the 6th over - 0 runs, 0 hits, 0 errors, 0 left on base; Bowie 8 - Altoona 6
TOP OF THE 7TH
Bowie Baysox batting - Pitching for Altoona Curve : RHP Joe Regush
Batting: RHB B.J. Frantz 0-0: Ball
1-0: Called Strike
1-1: Ball
2-1: Called Strike
2-2: Fly out, F7 (Line Drive, 7S, EV 95.0 MPH)
Batting: RHB Travis Pesola 0-0: Ball
1-0: Ground out 6-3 (Groundball, 6, EV 76.9 MPH)
Batting: RHB Joe Hutton 0-0: Ball
1-0: Called Strike
1-1: Called Strike
1-2: Strikes out looking
Top of the 7th over - 0 runs, 0 hits, 0 errors, 0 left on base; Bowie 8 - Altoona 6
BOTTOM OF THE 7TH
Altoona Curve batting - Pitching for Bowie Baysox : RHP Jonathan Fullen
Batting: SHB Todd Combs 0-0: Foul Ball, location: 7LMF
0-1: Ball
1-1: Called Strike
1-2: Strikes out swinging
Batting: RHB Jeff Morgan 0-0: Called Strike
0-1: Ball
1-1: Foul Ball, location: 9LDF
1-2: Foul Ball, location: 7LSF
1-2: Foul Ball, location: 2F
1-2: Strikes out swinging, 2-3 out at first.
Batting: SHB Ken Campbell 0-0: Ball
1-0: Ball
2-0: Called Strike
2-1: Ball
3-1: SINGLE (Groundball, 56S, EV 71.9 MPH) (infield hit)
Batting: RHB Jason Wine 0-0: Called Strike
0-1: Fly out, F5 (Popup, 5SF, EV 80.6 MPH)
Bottom of the 7th over - 0 runs, 1 hit, 0 errors, 1 left on base; Bowie 8 - Altoona 6
TOP OF THE 8TH
Bowie Baysox batting - Pitching for Altoona Curve : RHP Joe Regush
Pitching: RHP David Cullison
Batting: LHB Scott Guzik 0-0: Called Strike
0-1: Ball
1-1: Foul Ball, location: 2F
1-2: Ball
2-2: SINGLE (Groundball, 56D, EV 95.0 MPH)
Batting: RHB Bob Cairns 0-0: Ball
1-0: Grounds into double play, 5-4-3 (Groundball, 5L, EV 86.3 MPH)
Batting: RHB Daniel Jividen 0-0: Called Strike
0-1: Swinging Strike
0-2: Strikes out swinging
Top of the 8th over - 0 runs, 1 hit, 0 errors, 0 left on base; Bowie 8 - Altoona 6
BOTTOM OF THE 8TH
Altoona Curve batting - Pitching for Bowie Baysox : RHP Jonathan Fullen
Pitching: RHP Sergio Rosas
Batting: RHB Mark Severtson 0-0: Foul Ball, location: 3F
0-1: Ball
1-1: Foul Ball, location: 2F
1-2: SINGLE (Line Drive, 6D, EV 108.8 MPH)
Batting: SHB Greg O'Donnell 0-0: Ball
1-0: Foul Ball, location: 25F
1-1: Ball
2-1: Foul Ball, location: 23F
2-2: SINGLE (Line Drive, 8RS, EV 89.4 MPH)
Mark Severtson to second
Batting: RHB Jesse Pfenning 0-0: Ball
1-0: Swinging Strike
1-1: Foul Ball, location: 9LDF
1-2: Fly out, F9 (Flyball, 89M, EV 89.4 MPH)
Batting: LHB Jimmy O'Banion 0-0: Called Strike
0-1: Ball
1-1: Foul Ball, location: 2F
1-2: Strikes out swinging
Batting: LHB Orlando Vega 0-0: Called Strike
0-1: Swinging Strike
0-2: Foul Ball, location: 7LDF
0-2: Foul Ball, location: 3SF
0-2: Fly out, F9 (Flyball, 9D, EV 106.3 MPH)
Bottom of the 8th over - 0 runs, 2 hits, 0 errors, 2 left on base; Bowie 8 - Altoona 6
TOP OF THE 9TH
Bowie Baysox batting - Pitching for Altoona Curve : RHP David Cullison
Batting: RHB Mark Squier 0-0: Called Strike
0-1: Swinging Strike
0-2: Strikes out swinging
Batting: LHB Jesus Garcia 0-0: Called Strike
0-1: Foul Ball, location: 7LDF
0-2: Ball
1-2: SINGLE (Groundball, 6D, EV 110.0 MPH)
Batting: LHB Alex Gil 0-0: Called Strike
0-1: SINGLE (Line Drive, 9S, EV 101.9 MPH)
Jesus Garcia to second
Pitching: RHP Sean Branchini
Batting: RHB B.J. Frantz 0-0: 3-RUN HOME RUN (Flyball, 7D, EV 98.1 MPH), Distance : 389 ft
Batting: RHB Travis Pesola 0-0: SINGLE (Line Drive, 89S, EV 110.6 MPH)
Batting: RHB Joe Hutton 0-0: Ball
1-0: Ball
2-0: Grounds into double play, 4-6-3 (Groundball, 4, EV 76.9 MPH)
Top of the 9th over - 3 runs, 4 hits, 0 errors, 0 left on base; Bowie 11 - Altoona 6
BOTTOM OF THE 9TH
Altoona Curve batting - Pitching for Bowie Baysox : RHP Sergio Rosas
Batting: SHB Todd Combs 0-0: Called Strike
0-1: Foul Ball, location: 2F
0-2: Ball
1-2: Fly out, F9 (Flyball, 9S, EV 87.5 MPH)
Batting: RHB Jeff Morgan 0-0: Ball
1-0: Swinging Strike
1-1: Swinging Strike
1-2: Foul Ball, location: 2F
1-2: Ball
2-2: Foul Ball, location: 2F
2-2: SINGLE (Groundball, 3S, EV 66.9 MPH) (infield hit)
Batting: SHB Ken Campbell 0-0: Ball
1-0: Ball
2-0: Called Strike
2-1: Called Strike
2-2: Ball
3-2: Foul Ball, location: 7LSF
3-2: Base on Balls
Jeff Morgan to second
Batting: RHB Jason Wine 0-0: Called Strike
0-1: Ball
1-1: Fly out, F9 (Flyball, 9, EV 90.0 MPH)
Batting: RHB Mark Severtson 0-0: Fly out, F9 (Flyball, 9S, EV 89.4 MPH)
Bottom of the 9th over - 0 runs, 1 hit, 0 errors, 2 left on base; Bowie 11 - Altoona 6
Wednesday, May 8th , 2024 - OOTP Baseball 24.11 Build 85